Map: Rhoskallian LE

Players

Massa

  • Race: Terran Terran
  • League: Platinum
  • Spawn Location: 11:00

qqq

  • Race: Zerg Zerg
  • League: Platinum
  • Spawn Location: 12:00

FARI - Winner!

  • Race: Protoss Protoss
  • League: Diamond
  • Spawn Location: 6:00

Sven - Winner!

  • Race: Terran Terran
  • League: Diamond
  • Spawn Location: 5:00

VOD

Have the link to the VOD?

Description

Time

  • Played on: Jan. 1, 2021, 3:32 p.m.
  • Length: 10:09
Show
View Real Time Build Order
Export as new Build Order

Massa Terran 

Build Orders: Reaper Expand 

Get SALT Encoding   

  12  0:00  SCV  
  13  0:12  SCV  
  14  0:20  Supply Depot  
  14  0:25  SCV  
  15  0:42  SCV  
  16  0:43  Barracks  
  16  0:54  SCV  
  16  0:55  Refinery  
  17  1:07  SCV  
  18  1:19  SCV  
  19  1:32  Orbital Command  
  19  1:42  Command Center  
  19  2:09  Reaper  
  19  2:11  SCV  
  21  2:23  SCV  
  21  2:27  Factory  
  22  2:31  Refinery, Supply Depot  
  22  2:35  SCV  
  23  2:52  Marine  
  23  2:54  Orbital Command  
  23  2:56  SCV, Command Center  
  25  3:05  Engineering Bay  
  25  3:15  Marine  
  25  3:19  Factory Tech Lab  
  26  3:20  Barracks  
  26  3:33  Marine  
  27  3:41  Supply Depot  
  27  3:55  Supply Depot  
  27  4:00  Siege Tank  
  27  4:02  Marine, Supply Depot  
  31  4:13  SCV x2  
  31  4:15  Marine  
  34  4:20  Marine  
  35  4:27  Barracks  
  35  4:28  SCV x3  
  38  4:32  Barracks  
  38  4:33  Marine  
  38  4:38  Marine  
  40  4:51  Marine  
  37  5:00  Marine  
  37  5:06  Siege Tank  
  40  5:09  Marine  
  42  5:17  Barracks Tech Lab, Marine  
  42  5:26  Marine  
  42  5:31  Marine  
  42  5:35  Marine  
  43  5:38  Missile Turret x2  
  43  5:40  Marine  
  45  5:44  Marine  
  45  5:48  Cyclone  
  45  5:49  Marine  
  50  5:53  Marine  
  51  5:57  Missile Turret  
  51  5:58  Marine, Missile Turret  
  51  6:02  Marine  
  53  6:06  Marine  
  49  6:14  Marine  
  49  6:16  Marine  
  46  6:20  Marine  
  46  6:24  Marine  
  45  6:26  Siege Tank  
  45  6:32  Marine  
  49  6:35  Marauder  
  49  6:38  Marine  
  52  6:42  Marine, Stimpack  
  52  6:44  SCV x3  
  51  6:56  SCV  
  45  7:17  Cyclone  
  45  7:19  Marauder, Marine x3  
  45  7:29  SCV x3  
  48  7:31  Refinery  
  48  7:35  Missile Turret  
  48  7:36  Supply Depot  
  45  7:37  Marine, Supply Depot  
  45  7:40  Marauder  
  45  7:42  Barracks Tech Lab  
  45  7:43  Barracks Tech Lab  
  48  7:49  Terran Infantry Weapons Level 1, Siege Tank  
  48  7:50  Armory  
  51  7:54  Marine  
  52  8:02  Marauder  
  54  8:09  Marauder x2  
  54  8:11  Concussive Shells  
  54  8:12  Marine  
  59  8:23  Marine  
  59  8:25  Starport, Engineering Bay  
  60  8:30  Marauder x2  
  60  8:32  SCV x2  
  60  8:33  SCV  
  67  8:44  Refinery, SCV, Combat Shield  
  67  8:45  SCV  
  69  9:11  Missile Turret  
  69  9:16  Marauder x2, Marine x2  
  67  9:32  Siege Tank  
  67  9:33  Missile Turret  
  67  9:34  Marine x2  
  67  9:37  Marine x2  
Show
View Real Time Build Order
Export as new Build Order

qqq Zerg 

Build Orders: Hatch First 

Get SALT Encoding   

  12  0:04  Drone  
  13  0:08  Drone  
  14  0:27  Overlord  
  14  0:45  Hatchery  
  14  0:49  Drone  
  14  0:56  Drone  
  15  0:57  Drone  
  16  1:05  Drone  
  17  1:29  Spawning Pool  
  16  1:34  Drone x2  
  16  1:35  Drone  
  19  1:45  Drone  
  19  1:46  Extractor  
  19  2:05  Drone  
  19  2:06  Drone  
  21  2:14  Drone  
  22  2:17  Queen x2  
  22  2:19  Overlord  
  22  2:21  Overlord  
  26  2:24  Drone  
  27  2:31  Zergling x2  
  27  2:34  Overlord  
  28  2:42  Zergling x2  
  28  2:43  Drone  
  30  3:04  Zergling x2  
  30  3:05  Zergling x2  
  32  3:06  Drone  
  32  3:07  Drone  
  32  3:11  Hatchery  
  33  3:13  Metabolic Boost  
  33  3:16  Drone  
  33  3:19  Zergling x2  
  35  3:31  Zergling x2  
  36  3:34  Lair  
  36  3:35  Zergling x2  
  36  3:36  Drone  
  38  3:44  Drone x2  
  38  3:46  Extractor  
  39  3:51  Drone x4  
  43  3:57  Zergling x2  
  45  4:14  Overlord x2  
  45  4:15  Overlord  
  45  4:18  Hatchery  
  39  4:55  Zergling x8  
  42  5:03  Zergling x6  
  42  5:04  Drone x3, Zergling x6  
  51  5:11  Zergling x6  
  52  5:27  Queen  
  51  5:30  Spore Crawler  
  51  5:31  Spore Crawler  
  51  5:32  Spore Crawler  
  51  5:35  Extractor, Spire  
  42  5:36  Drone, Queen  
  42  5:40  Spore Crawler  
  35  6:00  Zergling x6  
  35  6:01  Zergling x6  
  35  6:03  Queen  
  41  6:11  Drone x2  
  32  6:19  Drone  
  32  6:29  Drone  
  32  6:32  Drone x2  
  35  6:35  Drone  
  36  6:48  Corruptor  
  36  6:50  Corruptor  
  39  7:05  Corruptor x2  
  43  7:15  Extractor  
  43  7:21  Corruptor  
  44  7:24  Drone x3  
  44  7:25  Drone  
  44  7:40  Drone x2  
  44  7:41  Drone x3  
  44  7:42  Drone  
  49  8:00  Infestation Pit  
  49  8:01  Mutalisk  
  49  8:03  Drone x2  
  49  8:04  Drone  
  49  8:05  Overlord  
  53  8:14  Drone  
  53  8:16  Mutalisk  
  53  8:18  Zergling x2  
  57  8:30  Drone  
  57  8:31  Drone  
  57  8:32  Drone  
  60  8:38  Mutalisk  
  62  9:03  Mutalisk x2  
  62  9:05  Zergling x4  
  62  9:07  Hatchery  
  67  9:11  Drone  
  67  9:16  Overlord x2  
  68  9:18  Overlord  
  60  9:31  Corruptor x3  
Show
View Real Time Build Order
Export as new Build Order

FARI Protoss - Winner!

Build Orders:  

Get SALT Encoding   

  12  0:00  Probe  
  13  0:12  Probe  
  14  0:17  Pylon  
  14  0:25  Probe  
  14  0:28  Assimilator  
  15  0:38  Gateway  
  15  0:40  Probe  
  16  0:47  Assimilator  
  16  0:53  Probe  
  17  1:05  Probe (Chrono Boost)  
  17  1:06  Assimilator  
  18  1:17  Probe (Chrono Boost)  
  19  1:24  Probe (Chrono Boost)  
  19  1:25  Cybernetics Core  
  20  1:36  Probe  
  20  1:38  Pylon  
  21  1:48  Probe  
  22  2:01  Stalker (Chrono Boost), Warp Gate (Chrono Boost)  
  24  2:09  Gateway  
  24  2:13  Robotics Facility  
  24  2:15  Gateway  
  24  2:37  Nexus  
  24  2:45  Pylon  
  24  2:59  Warp Prism  
  26  3:31  Probe  
  27  3:36  Twilight Council  
  27  3:41  Stalker x2  
  27  3:43  Stalker  
  27  3:47  Probe (Chrono Boost)  
  34  3:48  Probe (Chrono Boost)  
  35  3:59  Probe (Chrono Boost)  
  36  4:06  Stalker x2  
  40  4:12  Stalker  
  40  4:15  Probe (Chrono Boost)  
  44  4:20  Probe (Chrono Boost)  
  44  4:28  Probe (Chrono Boost)  
  44  4:29  Observer, Blink (Chrono Boost)  
  46  4:33  Pylon  
  46  4:48  Stalker x2  
  50  5:14  Probe x2  
  50  5:26  Probe  
  49  5:31  Stalker x3  
  49  5:35  Probe  
  56  5:37  Assimilator  
  56  5:38  Probe  
  56  5:42  Gateway x2, Assimilator  
  57  5:44  Pylon  
  57  5:46  Pylon  
  57  5:47  Probe  
  58  6:09  Stalker x3  
  62  6:26  Probe  
  62  6:27  Probe  
  64  6:33  Forge  
  64  6:35  Shield Battery  
  64  6:38  Probe  
  64  6:39  Probe  
  66  6:44  Stalker  
  68  6:51  Probe x2, Nexus  
  58  7:03  Probe  
  58  7:04  Probe  
  58  7:05  Stalker x4  
  69  7:16  Probe x2 (Chrono Boost)  
  69  7:22  Protoss Ground Weapons Level 1 (Chrono Boost)  
  66  7:28  Probe (Chrono Boost)  
  66  7:29  Stalker  
  64  7:33  Probe (Chrono Boost)  
  64  7:35  Probe (Chrono Boost)  
  65  7:37  Stalker x3  
  65  7:39  Probe  
  70  7:47  Probe  
  71  7:51  Probe  
  72  7:59  Probe, Robotics Facility  
  72  8:00  Robotics Facility  
  72  8:03  Probe x2  
  75  8:07  Pylon  
  75  8:10  Pylon  
  75  8:11  Probe  
  75  8:12  Pylon  
  76  8:17  Photon Cannon  
  76  8:21  Assimilator  
  76  8:26  Assimilator  
  76  8:28  Observer (Chrono Boost)  
  76  8:34  Robotics Bay  
  77  8:36  Photon Cannon  
  77  8:39  Photon Cannon  
  77  8:40  Stalker  
  77  8:41  Stalker x2  
  83  8:46  Stalker x2  
  87  8:52  Gateway  
  87  8:56  Probe x2  
  89  9:03  Photon Cannon  
  89  9:05  Photon Cannon  
  87  9:32  Stalker x5  
  95  9:50  Stalker  
Show
View Real Time Build Order
Export as new Build Order

Sven Terran - Winner!

Build Orders: 1/1/1, Cyclone Opening 

Get SALT Encoding   

  12  0:00  SCV  
  13  0:12  SCV  
  14  0:18  Supply Depot  
  14  0:24  SCV  
  15  0:30  Refinery  
  15  0:43  Barracks  
  15  0:49  SCV  
  16  1:01  SCV  
  17  1:13  Refinery, SCV  
  18  1:36  Factory  
  18  1:45  Orbital Command  
  18  1:51  Marine  
  19  2:22  Factory Tech Lab  
  19  2:23  Starport  
  19  2:38  SCV  
  20  2:45  Cyclone  
  23  3:04  Supply Depot  
  23  3:05  Fusion Core  
  23  3:25  SCV  
  24  3:29  Supply Depot  
  24  3:37  SCV  
  24  3:38  Factory Reactor  
  25  4:06  Battlecruiser  
  31  4:16  Supply Depot  
  31  4:25  Hellion x2  
  35  4:50  Hellion x2  
  39  5:07  Supply Depot  
  39  5:38  Battlecruiser  
  49  5:42  Hellion  
  49  5:43  Hellion  
  49  5:44  Starport  
  45  6:03  Weapon Refit  
  35  6:31  Starport Tech Lab, Hellion x2  
  39  6:52  Command Center  
  39  7:25  Battlecruiser  
  45  7:32  Battlecruiser  
  45  8:20  Refinery  
  45  8:37  Starport  
  45  8:39  SCV  
  45  8:40  SCV  
  47  8:45  Refinery  
  47  8:52  SCV x2  
  49  9:04  SCV  
Tags
 
Add a new tag
Caveats
  • Supply blocks, unpowered buildings, or Contaminate may cause inaccurate times.
  • Supply counts are checked every 10 seconds.